Unix NetHack Version 5.0.0-0 post-release - last build Jul 14 2026 02:55:29 (1809b74e8187c3a3585e283601c3028b46cbbdcb,branch:main).

Game began 2026-07-18 18:17:28, ended 2026-07-18 18:31:38.

HenriqueII, lawful male human Archeologist

                                                          ------           #
                                                         #.....|           #
                                                         #|.....##############
                                                         #|....|        ------
                                        .                #----%-       #-..!.|
                                       *               ### ####        #|....|
                                      #               ##   #           #|.!!.|
                                      #             ###    ####        #------
                                     -*-------------#     -|..-        #
                                     |.............|#     |....#       #
                                     |ia...........|#     |...|#       #
                                     |@............-#     |...|#       ###
                                     |.............|      |..<|#         #
                                     |.............|      |...|#         #
                                     ---------------      |...|#         #
                                                          ---.-##   -----#
                                                             #  ####|>._|#
                                                                   #..{..#
                                                                    -----

HenriqueII the Field Worker  St:10 Dx:14 Co:16 In:17 Wi:15 Ch:8  Lawful
Dlvl:4  $:1011 HP:0(42) Pw:20(20) AC:9  Xp:5 T:3144 

Latest messages:
 You descend the stairs.
 You hear bubbling water.
 The orc zombie hits!
 You hit the orc zombie.
 The orc zombie hits!
 You destroy the orc zombie!
 You hit the human zombie.
 You hit the human zombie.
 The human zombie hits!
 You hit the dwarf zombie!
 The dwarf zombie hits!
 You destroy the dwarf zombie!
 You hit the human zombie!
 The human zombie hits!
 You hit the human zombie.
 The human zombie hits!
 You destroy the human zombie!
 Welcome to experience level 5.
 You feel stealthy!
 There is a broken door here.
 You see here a dwarf corpse.
 You hit the giant ant.
 You knock the giant ant backward with a forceful strike!
 The giant ant bites!
 The giant ant bites!
 You miss the giant ant.
 The giant ant bites!
 The giant ant bites!
 You hit the giant ant!
 The giant ant bites!
 The giant ant bites!
 You hit the giant ant.
 The giant ant bites!
 The giant ant bites!
 You hit the giant ant!
 The giant ant bites!
 The giant ant bites!
 You kill the giant ant!
 The giant ant bites!
 The giant ant bites!
 You hit the imp.
 The giant ant bites!
 The imp hits!
 What do you want to write with? [- ajt or ?*] -
 You write in the dust with your fingertip.
 What do you want to write in the dust here? Elbereth
 The giant ant bites!
 The imp hits!
 You die...
 Do you want your possessions identified? [ynq] (y) q

Inventory:
 Coins    ('$')
  $ - 1011 gold pieces
 Weapons  (')')
  a - a +2 bullwhip
 Armor    ('[')
  c - a blessed +0 fedora (being worn)
  b - an uncursed +0 leather jacket (being worn)
 Comestibles  ('%')
  d - 5 uncursed food rations
  e - 3 uncursed eggs
 Scrolls  ('?')
  z - 2 uncursed scrolls of blank paper
  y - a cursed scroll of blank paper
  r - an uncursed scroll of identify
  n - an uncursed scroll of light
 Spellbooks  ('+')
  i - an uncursed spellbook of fireball
  m - an uncursed spellbook of haste self
 Potions  ('!')
  q - a blessed potion of gain energy
  w - an uncursed potion of gain energy
  o - 3 uncursed potions of healing
  B - an uncursed potion of object detection
  v - an uncursed potion of speed
  s - an uncursed potion of water
 Tools    ('(')
  S - an empty uncursed sack
  p - a +0 pick-axe (weapon in right hand)
  f - a tinning kit (0:31)
 Gems/Stones  ('*')
  j - an uncursed fluorite stone
  t - an uncursed touchstone

HenriqueII the Archeologist's attributes:

Background:
 You were a Field Worker, a level 5 male human Archeologist.
 You were lawful, on a mission for Quetzalcoatl
 who was opposed by Camaxtli (neutral) and Huhetotl (chaotic).
 You were right-handed.
 You were in the Dungeons of Doom, on level 4.
 You entered the dungeon 3144 turns ago.
 You had 171 experience points, 149 more were needed to attain level 6.

Basics:
 You had 0 out of 42 hit points.
 You had all 20 energy points (spell power).
 Your armor class was 9.
 Your wallet contained 1011 zorkmids.
 Autopickup was on for '$!?/="' plus thrown, with exceptions.

Final Characteristics:
 Your strength was 10 (limit:18/100).
 Your dexterity was 14 (limit:18).
 Your constitution was 16 (limit:18).
 Your intelligence was 17 (limit:18).
 Your wisdom was 15 (limit:18).
 Your charisma was 8 (limit:18).

Final Status:
 You weren't hungry.
 You were unencumbered.
 You were wielding a pick-axe.
 You were skilled in pick-axe.

Final Attributes:
 You were piously aligned.
 You had automatic searching.
 You were stealthy.
 You were lucky.
 You are dead.

Miscellaneous:
 You didn't encounter any bones levels.
 Total elapsed playing time was 14 minutes and 7 seconds.

Major events:
 Turn
    1: HenriqueII the lawful male human Archeologist entered the dungeon
 1358: attained the rank of Field Worker (level 3)
 2393: entered the Gnomish Mines
 3144: killed by an imp

You didn't know any spells.

Skills:
 Fighting Skills
   bare handed combat [Unskilled]
   two weapon combat  [Unskilled]
   riding             [Unskilled]
 Weapon Skills
   dagger             [Unskilled]
   knife              [Unskilled]
   pick-axe           [Skilled]
   short sword        [Unskilled]
   saber              [Unskilled]
   club               [Unskilled]
   quarterstaff       [Unskilled]
   sling              [Unskilled]
   dart               [Unskilled]
   boomerang          [Unskilled]
   whip               [Basic]
   unicorn horn       [Unskilled]
 Spellcasting Skills
   attack spells      [Unskilled]
   healing spells     [Unskilled]
   divination spells  [Unskilled]
   matter spells      [Unskilled]

Voluntary challenges:
 Character rerolling was not enabled.
 You never genocided any monsters.
 You never polymorphed an object.
 You never changed form.
 You used no wishes.
Achievements:
 You attained the rank of Field Worker.
 You entered a shop.
 You entered the Gnomish Mines.

 The Dungeons of Doom: levels 1 to 4
    Level 1:
    Level 2:
    Level 3:
    Level 4: <- You were here.
       A potion shop, an altar, a fountain.
       Stairs down to The Gnomish Mines.
       Final resting place for
          you, killed by an imp.
 The Gnomish Mines:
    Level 5:


Vanquished creatures:
  a human zombie
  a rock mole
  a paper golem
  a giant ant
  a little dog
  a kobold leader
  a monkey
 an orc zombie
  a dwarf zombie
 an iguana
  2 acid blobs
  a large kobold
  a hobgoblin
  a giant rat
  a yellow mold
  a green mold
  3 gnomes
  a gecko
  9 jackals
  a fox
  a goblin
  8 sewer rats
  2 grid bugs
  6 lichens
  a kobold zombie
  9 newts
58 creatures vanquished.

No species were genocided or became extinct.

Game over:
                       ----------
                      /          \
                     /    REST    \
                    /      IN      \
                   /     PEACE      \
                  /                  \
                  |    HenriqueII    |
                  |     1011 Au      |
                  | killed by an imp |
                  |                  |
                  |                  |
                  |                  |
                  |       2026       |
                 *|     *  *  *      | *
        _________)/\\_//(\/(/\)/\//\/|_)_______

Goodbye HenriqueII the Archeologist...

You died in The Dungeons of Doom on dungeon level 4 with 1814 points,
and 1011 pieces of gold, after 3144 moves.
You were level 5 with a maximum of 42 hit points when you died.

